 Dungeon Crawl Stone Soup version 0.23.2-1-ga50397a (webtiles) character file.

Game seed: 13437968946111483734

14640 dengdeng the Protected (level 11, -22/99 HPs)
             Began as a Minotaur Berserker on Apr 23, 2019.
             Was a High Priest of Trog.
             Annihilated by a two-headed ogre
             ... wielding a +0 giant spiked club
              (23 damage)
             ... on level 12 of the Dungeon on Apr 24, 2019.
             The game lasted 00:53:08 (16334 turns).

dengdeng the Protected (Minotaur Berserker)        Turns: 16334, Time: 00:53:08

Health: -22/99     AC: 22    Str: 24    XL:     11   Next: 91%
Magic:  3/3        EV:  9    Int:  4    God:    Trog [*****.]
Gold:   638        SH:  0    Dex: 11    Spells: 10/10 levels left

rFire    . . .     SeeInvis .   S - +3 morningstar (antimagic)
rCold    . . .     Gourm    +   (no shield)
rNeg     . . .     Faith    .   Z - +1 plate armour {rPois}
rPois    +         Spirit   .   (helmet restricted)
rElec    .         Reflect  .   P - +0 cloak
rCorr    .         Harm     .   D - +0 pair of gloves
MR       .....                  (no boots)
Stlth    ..........             m - amulet of the gourmand
HPRegen  0.26/turn              T - ring of poison resistance
MPRegen  0.08/turn              n - +2 ring of protection

@: no status effects
A: retaliatory headbutt, horns 2
a: Berserk, Trog's Hand, Brothers in Arms, Renounce Religion


You were on level 12 of the Dungeon.
You worshipped Trog.
Trog was extremely pleased with you.
You were not hungry.

You visited 1 branch of the dungeon, and saw 12 of its levels.

You collected 638 gold pieces.

Inventory:

Hand Weapons
 S - a +3 antimagic morningstar (weapon)
Missiles
 b - 329 stones
 d - 6 tomahawks
 B - 11 javelins (quivered)
Armour
 D - a +0 pair of gloves (worn)
 P - a +0 cloak (worn)
 Z - a +1 plate armour of poison resistance (worn)
Jewellery
 a - an uncursed ring of protection from cold
 m - an amulet of the gourmand (around neck)
 n - a +2 ring of protection (right hand)
 E - an uncursed ring of see invisible
 F - an uncursed amulet of regeneration
 T - a ring of poison resistance (left hand)
Wands
 s - a wand of disintegration (25)
 L - a wand of paralysis (7)
 O - a wand of acid (17)
 Q - a wand of flame (15)
Scrolls
 f - 5 scrolls of remove curse
 g - a scroll of fog {unknown}
 h - a scroll of noise {unknown}
 i - 2 scrolls of enchant armour {unknown}
 j - 2 scrolls of random uselessness {unknown}
 q - 4 scrolls of identify
 v - 4 scrolls of teleportation
 w - 5 scrolls of magic mapping
 x - 4 scrolls of blinking {unknown}
 y - a scroll of fear {unknown}
 C - a scroll of amnesia {unknown}
 K - 2 scrolls of enchant weapon {unknown}
 M - 2 scrolls of acquirement {unknown}
 V - 2 scrolls of brand weapon {unknown}
 W - a scroll of silence {unknown}
Potions
 e - 3 potions of brilliance {unknown}
 k - 4 potions of lignification {unknown}
 o - 2 potions of haste {unknown}
 p - 3 potions of cancellation {unknown}
 r - 4 potions of ambrosia {unknown}
 t - 4 potions of curing
 u - a potion of degeneration {unknown}
 A - 2 potions of might {unknown}
 I - a potion of agility
 N - 2 potions of mutation {unknown}
 U - 4 potions of heal wounds {unknown}
Miscellaneous
 l - a phantom mirror
Comestibles
 c - 36 rations


   Skills:
 + Level 10.0 Fighting
   Level 9.3(11.8) Axes
 + Level 11.8(12.9) Maces & Flails
 + Level 4.1 Throwing
 + Level 13.0 Armour
 + Level 4.7 Dodging
 + Level 1.9 Stealth
   Level 2.5 Shields


You had 10 spell levels left.
You didn't know any spells.
Your spell library was empty.

Dungeon Overview and Level Annotations

Branches:
Dungeon (12/15)            Temple (0/1) D:5            Lair (0/6) D:11
    Orc: D:9-12

Altars:
Dithmenos
Kikubaaqudgha
Makhleb
Nemelex Xobeh
Okawaru
Ru
Sif Muna
Uskayaw
Vehumet
Wu Jian
Xom
Zin
The Shining One
Beogh


Innate Abilities, Weirdness & Mutations

You reflexively headbutt those who attack you in melee.
You have a pair of horns on your head.


Message History

The rakshasa barely misses you.
The rakshasa drinks a potion.
The rakshasa is healed!
You closely miss the rakshasa. Your headbutt misses the rakshasa.
The rakshasa is almost dead.
The rakshasa hits you with a +0 long sword!
* * * LOW HITPOINT WARNING * * *
The rakshasa falters for a moment.
The two-headed ogre hits you with a +0 giant spiked club!
* * * LOW HITPOINT WARNING * * *
The two-headed ogre closely misses you.
You barely miss the rakshasa. You headbutt the rakshasa!
The rakshasa is almost dead.
The rakshasa falters for a moment.
The rakshasa hits you but does no damage. x2
Unknown command.
You closely miss the rakshasa.
You headbutt the rakshasa, but do no damage.
The rakshasa is almost dead.
The two-headed ogre hits you with a +0 giant spiked club!!
You die...

#.. .## # ... ##.. ..
# #.#####.### #.# # #
#..#.....##.. #
#..#.###.#.....#.# ..#
#...(............#
..##...#.###.#.....#..
..## # #..#.ORR.# ...>
#.#####@### .z.. ##
#.R.# .#.. ..#.# .#..
..#.... . #.# . #.. #
#. ## .... ## #.# ..


You could see 3 rakshasas and a two-headed ogre.

Vanquished Creatures
  A fire dragon (D:12)
  3 two-headed ogres
  A skeletal warrior (D:12)
  2 cyclopes
  2 freezing wraiths (D:12)
  A queen bee (D:9)
  3 trolls (D:10)
  2 hornets
  A hippogriff (D:10)
  Sigmund (D:5)
  2 wyverns (D:11)
  Grum (D:11)
  A basilisk (D:11)
  5 yaks (D:9)
  A hungry ghost (D:12)
  A steam dragon (D:10)
  A vampire mosquito (D:12)
  An acid dragon (D:11)
  4 orc warriors
  A necrophage (D:6)
  An ice beast (D:4)
  A sky beast (D:12)
  A phantom (D:6)
  10 ogres
  2 wolves (D:11)
  3 centaurs
  2 crocodiles (D:11)
  A big kobold (D:10)
  5 bullfrogs
  5 scorpions
  27 killer bees
  3 wights (D:12)
  10 howler monkeys
  2 crimson imps (D:7)
  4 jellies
  9 hounds
  13 orc priests
  3 bullfrog skeletons
  A quasit (D:12)
  13 orc wizards
  3 centaur skeletons
  Natasha (thrice) (D:3)
  3 iguanas
  7 worker ants
  2 howler monkey skeletons
  13 adders
  4 gnolls (D:4)
  2 shadow imps (D:7)
  An ooze (D:1)
  An adder skeleton (D:4)
  An adder zombie (D:5)
  2 worms
  A dart slug (D:2)
  5 leopard geckos
  40 orcs
  A ball python (D:1)
  14 bats
  9 giant cockroaches
  10 goblins
  9 hobgoblins
  8 jackals
  4 quokkas
  7 frilled lizards
  A jackal skeleton (D:8)
  9 kobolds
  A quokka skeleton (D:5)
  9 rats
321 creatures vanquished.

Notes
Turn   | Place    | Note
-------+----------+-------------------------------------------
     0 | D:1      | dengdeng the Minotaur Berserker began the quest for the
                  | Orb.
     0 | D:1      | Reached XP level 1. HP: 19/19 MP: 0/0
   150 | D:1      | Reached XP level 2. HP: 27/27 MP: 1/1
   861 | D:1      | Reached ** piety under Trog
   971 | D:2      | Reached XP level 3. HP: 33/33 MP: 2/2
  1341 | D:2      | Found a burning altar of Makhleb.
  1365 | D:2      | Reached XP level 4. HP: 36/40 MP: 3/3
  1530 | D:2      | Noticed a green death
  1533 | D:2      | Noticed a smoke demon
  1533 | D:2      | Noticed a ynoxinul
  2221 | D:3      | Noticed Natasha
  2227 | D:3      | Killed Natasha
  2227 | D:3      | Reached *** piety under Trog
  2227 | D:3      | Reached skill level 5 in Axes
  2270 | D:3      | Noticed Natasha
  2322 | D:3      | Killed Natasha
  2322 | D:3      | Reached XP level 5. HP: 39/47 MP: 4/4
  2537 | D:3      | Noticed Natasha
  2554 | D:3      | Killed Natasha
  2554 | D:3      | Reached skill level 3 in Armour
  3005 | D:4      | Reached skill level 1 in Shields
  3174 | D:4      | Reached skill level 5 in Fighting
  3174 | D:4      | Reached XP level 6. HP: 56/56 MP: 5/5
  3700 | D:4      | Noticed an ice beast
  3705 | D:4      | Reached skill level 4 in Armour
  3718 | D:4      | Killed an ice beast
  3718 | D:4      | Reached XP level 7. HP: 37/61 MP: 6/6
  4085 | D:4      | Reached **** piety under Trog
  4428 | D:4      | Reached skill level 5 in Armour
  4854 | D:5      | Entered Level 5 of the Dungeon
  4854 | D:5      | Noticed Sigmund
  4865 | D:5      | Killed Sigmund
  4865 | D:5      | Reached XP level 8. HP: 68/70 MP: 7/7
  4994 | D:5      | Found an ornate altar of the Wu Jian Council.
  5153 | D:5      | Reached skill level 6 in Armour
  5261 | D:5      | Found a sparkling altar of Nemelex Xobeh.
  5515 | D:5      | Found a deep blue altar of Sif Muna.
  5591 | D:5      | Reached skill level 1 in Throwing
  5767 | D:5      | Found a staircase to the Ecumenical Temple.
  5789 | D:5      | Found an iron altar of Okawaru.
  5868 | D:5      | Found a hide-covered altar of Uskayaw.
  6254 | D:6      | Reached skill level 7 in Armour
  7051 | D:6      | Reached skill level 8 in Armour
  7062 | D:6      | Reached XP level 9. HP: 79/79 MP: 8/8
  7523 | D:6      | Found a radiant altar of Vehumet.
  7640 | D:6      | Found a glowing golden altar of the Shining One.
  7846 | D:7      | Reached ***** piety under Trog
  7989 | D:7      | Reached skill level 1 in Maces & Flails
  8060 | D:7      | Reached skill level 9 in Armour
  8351 | D:7      | Found a roughly hewn altar of Beogh.
  8443 | D:7      | Found a shimmering altar of Xom.
  8445 | D:7      | Noticed an angel
  8447 | D:7      | Found a glowing silver altar of Zin.
  8565 | D:7      | Found an ancient bone altar of Kikubaaqudgha.
  8759 | D:7      | Found a shadowy altar of Dithmenos.
  9209 | D:8      | Reached skill level 10 in Armour
  9564 | D:8      | Found a sacrificial altar of Ru.
  9602 | D:8      | Reached skill level 1 in Stealth
 10025 | D:9      | Noticed a two-headed ogre
 10044 | D:8      | Reached XP level 10. HP: 56/88 MP: 9/9
 10236 | D:9      | Killed a two-headed ogre
 10236 | D:9      | Reached skill level 5 in Maces & Flails
 10498 | D:9      | Received a gift from Trog
 10656 | D:9      | Reached skill level 11 in Armour
 12288 | D:10     | Entered Level 10 of the Dungeon
 12523 | D:10     | Paralysed by a hornet for 3 turns
 13003 | D:10     | Reached XP level 11. HP: 93/97 MP: 3/10
 13507 | D:11     | Received a gift from Trog
 13692 | D:11     | Reached skill level 12 in Armour
 13782 | D:11     | Noticed Grum
 13794 | D:11     | Killed Grum
 14139 | D:11     | Found a staircase to the Lair.
 14208 | D:11     | Received a gift from Trog
 14596 | D:11     | Reached skill level 10 in Maces & Flails
 14700 | D:12     | Noticed a two-headed ogre
 14708 | D:12     | Killed a two-headed ogre
 14835 | D:12     | Received a gift from Trog
 15126 | D:12     | Noticed a skeletal warrior
 15157 | D:12     | Killed a skeletal warrior
 15381 | D:12     | Noticed a fire dragon
 15397 | D:12     | Killed a fire dragon
 16016 | D:12     | Noticed a two-headed ogre
 16030 | D:12     | Killed a two-headed ogre
 16030 | D:12     | Reached skill level 10 in Fighting
 16030 | D:12     | Reached skill level 13 in Armour
 16314 | D:12     | Identified the +1 chain mail of the Black Moon {Str+9}
 16314 | D:12     | Noticed a rakshasa
 16318 | D:12     | Noticed a two-headed ogre
 16332 | D:12     | HP: 1/99 [two-headed ogre/+0 giant spiked club (12)]
 16334 | D:12     | Annihilated by a two-headed ogre

Skill      XL: |  1  2  3  4  5  6  7  8  9 10 11 |
---------------+----------------------------------+-----
Axes           | 4 5 6 7 8 9 |  9.3
Fighting       | 4 5 6 7 8 9 10 | 10.0
Dodging        | 3 4 |  4.7
Armour         | 3 4 5 8 10 11 13 | 13.0
Shields        | 1 2 |  2.5
Throwing       | 2 3 4 |  4.1
Maces & Flails | 4 8 11 | 11.8
Stealth        | 1 |  1.9

Action                   |  1- 3 |  4- 6 |  7- 9 | 10-12 || total
-------------------------+-------+-------+-------+-------++-------
Melee: Hand axe          |    76 |   146 |   173 |       ||   395
       Headbutt          |    14 |    18 |    71 |    82 ||   185
       Flail             |       |       |   130 |    34 ||   164
       Morningstar       |       |       |       |   388 ||   388
Throw: Stone             |       |     3 |     1 |     7 ||    11
       Tomahawk          |       |       |     5 |     6 ||    11
       Javelin           |       |       |    14 |     5 ||    19
Invok: Berserk           |       |     3 |     3 |     5 ||    11
  Use: Scroll            |       |       |     2 |     2 ||     4
  Eat: Chunk             |     1 |    25 |    22 |    23 ||    71
Armor: Animal skin       |     1 |       |       |       ||     1
       Leather armour    |    20 |     5 |       |       ||    25
       Ring mail         |       |    19 |       |       ||    19
       Chain mail        |       |    23 |    88 |       ||   111
       Plate armour      |       |       |    86 |   314 ||   400
Dodge: Dodged            |    77 |    42 |   155 |   258 ||   532
Block: Large shield      |       |    63 |       |       ||    63
       Shield            |       |     3 |     3 |       ||     6
